 Dungeon Crawl Stone Soup version 0.17-a0-931-g11a8995 (webtiles) character file.

1313 Sixotanaka the Cleaver (level 8, -6/62 HPs)
             Began as a Deep Dwarf Necromancer on May 5, 2015.
             Was a Believer of Makhleb.
             Mangled by an orc warrior
             ... wielding a +0 glaive
              (7 damage)
             ... on level 6 of the Dungeon.
             The game lasted 00:22:01 (6410 turns).

Sixotanaka the Cleaver (Deep Dwarf Necromancer)     Turns: 6410, Time: 00:22:01

Health: -6/62      AC:  8    Str: 12    XL:     8   Next: 32%
Magic:  1/10       EV: 11    Int: 18    God:    Makhleb [**....]
Gold:   281        SH:  0    Dex: 20    Spells: 3 memorised, 5 levels left

rFire  . . .     SeeInvis .     v - +0 hand axe
rCold  . . .     Clarity  .     m - +0 ring mail
rNeg   . . .     SustAb   .     (no shield)
rPois  .         Gourm    .     o - +0 helmet
rElec  .         Spirit   .     (no cloak)
rCorr  .         Warding  .     M - +0 pair of gloves {Dex+3}
rMut   .         Stasis   .     f - +0 pair of boots
MR     +....                    (no amulet)
Stlth  ++........               (no ring)
                                s - +4 ring of dexterity

@: very slightly contaminated, non-regenerating, drained, somewhat resistant to
hostile enchantments, unstealthy
A: damage resistance, recharge devices, sense surroundings 1, slow healing 3
a: Device Recharging, Minor Destruction, Renounce Religion


You were on level 6 of the Dungeon.
You worshipped Makhleb.
Makhleb was pleased with you.
You were not hungry.

You visited 1 branch of the dungeon, and saw 7 of its levels.

You collected 281 gold pieces.


Innate Abilities, Weirdness & Mutations

You are resistant to damage.
You can recharge devices by infusing magical energy.
You passively map a small area around you.
You do not heal naturally.


   Skills:
 + Level 10.0(8.9) Axes
 - Level 2.1(1.3) Dodging
 - Level 2.4(1.5) Stealth
 - Level 1.7(0.9) Spellcasting
 - Level 6.3(5.3) Necromancy


You had 5 spell levels left.
You knew the following spells:

 Your Spells              Type           Power        Failure   Level  Hunger
x - Vampiric Draining     Necr           ###.......   17%         3    ####...
y - Animate Skeleton      Necr           N/A          6%          1    ##.....
z - Pain                  Necr           ###.         6%          1    ##.....


Dungeon Overview and Level Annotations

Branches:
Dungeon (7/15)             Temple (0/1) D:7

Altars:
Makhleb
Nemelex Xobeh
Okawaru
Qazlal
Ru
Xom
The Shining One

Shops:
D:4 *   D:6 :

Annotations:
D:3 dungeoneer7710's ghost, weakling DsWz
D:7 exclusion: orc warrior

Inventory:

Hand weapons
 v - a +0 hand axe (weapon)
Missiles
 D - 39 poisoned needles
 E - 8 needles of sleeping
Armour
 f - a +0 pair of boots (worn)
 m - a +0 ring mail (worn)
 o - a +0 helmet (worn)
 M - a +0 pair of gloves of dexterity (worn)
   (You found it on level 6 of the Dungeon)
Jewellery
 s - a +4 ring of dexterity (left hand)
Magical devices
 a - a wand of paralysis (16)
 c - a wand of heal wounds (7) {@v2}
 y - a wand of teleportation (2) {@v4}
 H - a wand of polymorph (13)
Scrolls
 h - 2 scrolls of blinking {unknown}
 j - 2 scrolls of amnesia {unknown}
 k - 2 scrolls of fog {unknown}
 l - a scroll of magic mapping {unknown}
 n - 2 scrolls of enchant armour {unknown}
 p - a scroll of recharging
 u - a scroll of teleportation {@r4}
 w - 2 scrolls of fear
 z - a scroll of remove curse {unknown}
 F - a scroll of identify {@r1}
 L - a scroll of enchant weapon {unknown}
 N - a scroll of brand weapon {unknown}
Potions
 e - a potion of brilliance
 g - 4 potions of curing {@q1}
 i - a potion of haste {unknown}
 q - a potion of invisibility {unknown}
 t - a potion of poison {unknown}
 x - 2 potions of heal wounds {@q2}
 B - a potion of magic
 C - a potion of might {unknown}
 J - a potion of cure mutation {unknown}
 K - a potion of ambrosia {unknown}
Books
 b - a book of Necromancy
 r - a book of Power
Comestibles
 d - 4 bread rations
 A - 3 meat rations
 G - a royal jelly
 I - a chunk of flesh

#.#.# #.#.#
#.#.# #.#.#
########.#.#
#.)...##...#
#####.###.###oo#
### #.....#
#.##..>#
..###.#####
#.##@### #.#...#
#.##.# #.#.###
#....# #....#
#..#.# .....#
##.#.# ######
#.#.# #.#.#
#...# #####


You could see an orc warrior and an orc.


Message History

You start resting.
Eating one of 2 chunks of flesh.
You continue eating. x2
The giant gecko zombie is too close now for your liking.
A giant gecko zombie is nearby!
A giant gecko zombie is nearby!
The giant gecko zombie barely misses you.
You hit the giant gecko zombie.
The giant gecko zombie bites you but does no damage.
You closely miss the giant gecko zombie.
The giant gecko zombie bites you but does no damage.
You hit the giant gecko zombie.
The giant gecko zombie bites you but does no damage.
You hit the giant gecko zombie.
You destroy the giant gecko zombie!
Makhleb accepts your kill.
You feel a little better.
You see here the +0 Sword of Power.
There is a stone staircase leading down here.
You climb downwards.
Level annotation: exclusion: orc warrior An orc and an orc priest come into view.
There is a stone staircase leading up here.
The orc warrior shouts!
The orc priest shouts!
The orc shouts!
The orc priest's eyes start to glow.
You climb upwards.
There is a stone staircase leading down here.
Zapping:
c - a wand of heal wounds (8) {@v2} You feel much better.
This wand has 7 charges left.
You climb downwards.
Level annotation: exclusion: orc warrior The orc priest mumbles some strange prayers to Beogh against you.
You resist with significant effort. The orc warrior closely misses you.
The orc hits you but does no damage.
There is a stone staircase leading up here.
The orc priest calls down the wrath of Beogh upon you.
Something smites you!
The wight hits you from afar with a scythe!
* * * LOW HITPOINT WARNING * * *
You feel drained.
* * * LOW HITPOINT WARNING * * *
The orc hits you with a hand axe.
* * * LOW HITPOINT WARNING * * *
The orc warrior barely misses you.
The giant spore waves its rhizomes.
You climb upwards.
There is a stone staircase leading down here.
Casting: Vampiric Draining
Aiming: Vampiric Draining
Aim: an orc warrior, wielding a glaive and wearing a chain mail You feel life coursing into your body.
The orc hits you with a hand axe. The orc warrior hits you with a glaive!
* * * LOW HITPOINT WARNING * * *
Casting: Vampiric Draining
Aiming: Vampiric Draining
Aim: an orc warrior, wielding a glaive and wearing a chain mail (moderately wounded)
You miscast Vampiric Draining.
You are very lightly contaminated with residual magic.
Nothing appears to happen.
The orc hits you but does no damage.
Casting: Vampiric Draining
Aiming: Vampiric Draining
Aim: an orc warrior, wielding a glaive and wearing a chain mail (moderately wounded)
You miscast Vampiric Draining.
Nothing appears to happen.
The orc warrior misses you. The orc hits you with a hand axe.
* * * LOW HITPOINT WARNING * * *
The orc warrior hits you with a glaive!
* * * LOW HITPOINT WARNING * * *
The orc hits you with a hand axe.
The orc warrior hits you from afar with a glaive!
You die...

Action                   |  1- 3 |  4- 6 |  7- 9 || total
-------------------------+-------+-------+-------++-------
Melee: Club              |    23 |       |       ||    23
       Hand axe          |       |   150 |   175 ||   325
 Cast: Pain              |    88 |    29 |     5 ||   122
       Animate Skeleton  |     9 |    18 |    10 ||    37
       Vampiric Draining |     3 |    28 |    30 ||    61
Evoke: Wand              |       |     3 |     2 ||     5
  Use: Scroll            |       |     7 |     2 ||     9
 Stab: Sleeping          |       |       |     1 ||     1
  Eat: Chunk             |     6 |     7 |    12 ||    25
       Meat ration       |       |     1 |       ||     1

Vault maps used:
D:1:      roderic_chinese_lattice_arrival
D:2:      nicolae_ru_awakened_eye, serial_corexii_hall,
          corexii_hall_statues_deadend, corexii_hall_statues_x,
          corexii_hall_statues_s, minmay_misc_feat_five
D:3:      nicolae_overflow_crystal_walls, old_standard_altar, xom_teletrap_fun,
          first_bread, okawaru_gym_becter
D:4:      serial_shops, nicolae_shop_overgrown_old_shop
D:6:      nicolae_qazlal_general_emergency, nemelex_deck, serial_shops,
          shop_statue
D:7:      minmay_temple_entry_statues, grunt_livestock, st_stairs_14,
          sigmund_edmund_badplayer, uniq_prince_ribbit1

Notes
Turn   | Place    | Note
--------------------------------------------------------------
     0 | D:1      | Sixotanaka, the Deep Dwarf Necromancer, began the quest for the Orb.
     0 | D:1      | Reached XP level 1. HP: 15/15 MP: 3/3
   382 | D:1      | Reached XP level 2. HP: 22/22 MP: 1/4
   416 | D:1      | Reached skill level 5 in Necromancy
   679 | D:1      | Learned a level 1 spell: Animate Skeleton
   973 | D:2      | Found a sacrificial altar of Ru.
  1013 | D:2      | Reached XP level 3. HP: 26/28 MP: 1/5
  1758 | D:2      | Learned a level 3 spell: Vampiric Draining
  1929 | D:3      | Reached skill level 6 in Necromancy
  1930 | D:3      | Found a glowing golden altar of the Shining One.
  2077 | D:3      | Reached XP level 4. HP: 34/36 MP: 0/6
  2122 | D:3      | Found a shimmering altar of Xom.
  2232 | D:3      | Noticed dungeoneer7710's ghost (weakling DsWz)
  2272 | D:4      | Found Vacuacen's Assorted Antiques.
  2312 | D:4      | Reached skill level 1 in Axes
  2397 | D:4      | Reached skill level 2 in Axes
  2401 | D:4      | Reached XP level 5. HP: 19/42 MP: 1/7
  2409 | D:4      | HP: 6/42 [something/puff of flame (6)]
  2414 | D:4      | Reached skill level 3 in Axes
  2541 | D:4      | Noticed a phantom
  2873 | D:3      | Found an iron altar of Okawaru.
  2969 | D:3      | Found a burning altar of Makhleb.
  2979 | D:3      | Became a worshipper of Makhleb the Destroyer
  3317 | D:4      | Reached skill level 4 in Axes
  3549 | D:5      | Entered Level 5 of the Dungeon
  3672 | D:5      | Reached XP level 6. HP: 23/49 MP: 1/8
  3901 | D:5      | Acquired Makhleb's first power
  3904 | D:5      | Reached skill level 5 in Axes
  4300 | D:5      | HP: 12/49 [orc priest/divine providence (12)]
  4306 | D:5      | HP: 9/49 [orc priest/dagger (3)]
  4308 | D:5      | Reached skill level 6 in Axes
  4319 | D:5      | HP: 10/49 [orc priest/nerve-wracking pain (3)]
  4326 | D:5      | HP: 6/49 [something/puff of flame (4)]
  4354 | D:5      | Reached XP level 7. HP: 41/55 MP: 1/9
  4575 | D:5      | Reached skill level 7 in Axes
  4972 | D:6      | Found a stormy altar of Qazlal.
  5116 | D:6      | Found a sparkling altar of Nemelex Xobeh.
  5135 | D:6      | Found Qoopn's Book Emporium.
  5283 | D:6      | Reached skill level 8 in Axes
  5320 | D:6      | Acquired Makhleb's second power
  5757 | D:7      | Reached skill level 9 in Axes
  5757 | D:7      | Reached XP level 8. HP: 59/59 MP: 3/10
  5950 | D:7      | Found a staircase to the Ecumenical Temple.
  6215 | D:6      | HP: 13/62 [killer bee (4)]
  6240 | D:6      | HP: 15/62 [worker ant (2)]
  6251 | D:6      | Reached skill level 10 in Axes
  6406 | D:6      | HP: 14/62 [orc warrior/glaive (12)]
  6409 | D:6      | HP: 1/62 [orc warrior/glaive (12)]
  6410 | D:6      | Mangled by an orc warrior

Vanquished Creatures
  2 necrophages (D:7)
  A sky beast (D:6)
  An ogre (D:5)
  3 giant frogs (D:7)
  6 orc priests
  A giant frog skeleton (D:5)
  7 orc wizards
  2 worker ants
  An iguana (D:5)
  A hound (D:4)
  A worker ant zombie (D:6)
  5 adders
  A worm (D:2)
  A giant gecko (D:1)
  22 orcs
  A ball python (D:2)
  17 bats
  A bat zombie (D:6)
  7 giant cockroaches
  11 goblins
  15 hobgoblins
  6 jackals
  2 quokkas
  2 giant gecko zombies
  3 giant newts
  A jackal skeleton (D:4)
  6 kobolds
  12 rats
139 creatures vanquished.

Vanquished Creatures (collateral kills)
  An ogre (D:5)
  A scorpion (D:5)
  An orc (D:7)
  3 hobgoblins
  A bat (D:3)
  A giant newt (D:4)
8 creatures vanquished.

Grand Total: 147 creatures vanquished
